 Dungeon Crawl Stone Soup version 0.18.1-8-gdd0e5ea (webtiles) character file.

24 Gargoyl the Skirmisher (level 2, 0/24 HPs)
             Began as a Demonspawn Abyssal Knight on June 4, 2016.
             Was a Follower of Lugonu.
             Succumbed to an adder's poison
             ... on level 2 of the Dungeon.
             The game lasted 00:01:46 (925 turns).

Gargoyl the Skirmisher (Demonspawn Abyssal Knight)   Turns: 925, Time: 00:01:47

Health: 0/24       AC:  3    Str: 12    XL:     2   Next: 79%
Magic:  3/3        EV: 11    Int: 13    God:    Lugonu [*.....]
Gold:   71         SH:  0    Dex: 12    Spells: 0 memorised, 1 level left

rFire  . . .     SeeInvis .     a - +1 hand axe
rCold  . . .     Gourm    .     b - +0 leather armour
rNeg   . . .     Faith    .     (no shield)
rPois  .         Spirit   .     (no helmet)
rElec  .         Dismiss  .     (no cloak)
rCorr  .         Reflect  .     (no gloves)
SustAt .         Harm     .     (no boots)
MR     .....                    i - amulet of inaccuracy (curse)
Stlth  +.........               (no ring)
                                (no ring)

@: lethally poisoned (0 -> -9), not resistant to hostile enchantments, very
unstealthy
A: powered by death 1
a: Depart the Abyss, Renounce Religion


You were on level 2 of the Dungeon.
You worshipped Lugonu.
Lugonu was aware of your devotion.
You were not hungry.

You visited 1 branch of the dungeon, and saw 2 of its levels.
You visited the Abyss 1 time.

You collected 71 gold pieces.

Inventory:

Hand Weapons
 a - a +1 hand axe (weapon)
Armour
 b - a +0 leather armour (worn)
Jewellery
 i - a cursed amulet of inaccuracy (around neck)
Potions
 e - 2 potions of ambrosia {unknown}
 f - a potion of lignification {unknown}
 h - a potion of curing {unknown}
Comestibles
 c - a bread ration
 d - a slice of pizza
 g - a meat ration


   Skills:
 + Level 3.6 Fighting
 + Level 2.0 Axes
 + Level 2.0 Armour
 + Level 1.1 Dodging
 + Level 0.2 Stealth
 + Level 2.4 Invocations


You had one spell level left.
You didn't know any spells.

Dungeon Overview and Level Annotations

Branches:
Dungeon (2/15)

Altars:


Innate Abilities, Weirdness & Mutations

You regenerate a little health from kills.


Message History

You miss the adder.
The adder is moderately wounded.
You feel sick. The adder bites you.
* * * LOW HITPOINT WARNING * * *
You are lethally poisoned!
The adder poisons you! The adder bites you.
* * * LOW HITPOINT WARNING * * *
You barely miss the adder.
The adder is lightly wounded.
* * * LOW HITPOINT WARNING * * *
You feel sick. The adder completely misses you.
Unknown command.
Your leather armour prevents you from hitting the adder.
The adder is lightly wounded.
The adder barely misses you. The adder bites you.
* * * LOW HITPOINT WARNING * * *
Unknown command.
You miss the adder.
The adder is lightly wounded.
You die...

(........########.#.#
......>..##<......#.#
.........##########.#
.........#..........#
.........#.##########
#...#..# ###b#..#
#S##.# #@...# ######


You could see an adder and a bat.

Vanquished Creatures
  A dart slug (D:1)
  A giant gecko (D:1)
  4 goblins (D:1)
  4 hobgoblins (D:1)
  3 kobolds (D:1)
  A ball python (D:1)
  A bat (D:1)
  A giant newt (D:1)
  4 rats (D:1)
20 creatures vanquished.

Notes
Turn   | Place    | Note
--------------------------------------------------------------
     0 | Abyss:1  | Gargoyl the Demonspawn Abyssal Knight began the quest for the Orb.
     0 | Abyss:1  | Reached XP level 1. HP: 18/18 MP: 2/2
     7 | Abyss:1  | Found a corrupted altar of Lugonu.
    79 | Abyss:4  | Found a corrupted altar of Lugonu.
    92 | Abyss:5  | Entered Level 5 of the Abyss
   114 | Abyss:5  | Noticed a thrashing horror
   114 | Abyss:5  | Noticed a thrashing horror
   115 | Abyss:5  | Noticed a thrashing horror
   115 | D:1      | Escaped the Abyss
   504 | D:1      | Gained mutation: You regenerate a little health from kills. [demonic ancestry]
   504 | D:1      | Reached XP level 2. HP: 24/24 MP: 3/3
   644 | D:1      | Reached skill level 1 in Dodging
   706 | D:1      | Reached * piety under Lugonu
   924 | D:2      | HP: 1/24 [adder (2)]
   925 | D:2      | Succumbed to an adder's poison

Skill      XL: |  1  2 |
---------------+-------+-----
Armour         | 2 |  2.0
Dodging        | 1 |  1.1
Axes           | 2 |  2.0
Fighting       | |  3.6
Stealth        | |  0.2
Invocations    | |  2.4

Action                   || total
-------------------------++-------
Melee: Hand axe          ||    77
Invok: Depart the Abyss  ||     1
  Use: Scroll            ||     1
Armor: Leather armour    ||    22
Dodge: Dodged            ||    69
